 Dungeon Crawl Stone Soup version 0.28-a0-819-g6ef7baa362 (webtiles) character file.

Game seed: 7811364274879757413

9872 bande the Cleaver (level 11, -1/67 HPs)
             Began as a Gargoyle Fighter on Nov 8, 2021.
             Was a Priest of Okawaru.
             Slain by a vampire (5 damage)
             ... on level 8 of the Dungeon.
             The game lasted 00:17:40 (10405 turns).

bande the Cleaver (Gargoyle Fighter)               Turns: 10405, Time: 00:17:41

Health: -1/67      AC: 26    Str: 21    XL:     11   Next: 53%
Magic:  0/14       EV:  9    Int:  9    God:    Okawaru [***...]
Gold:   430        SH:  6    Dex: 15    Spells: 12/12 levels left

rFire   . . .      SeeInvis .   a - +1 war axe
rCold   . . .      Faith    .   c - +0 buckler
rNeg    + + .      Spirit   +   o - +5 scale mail of Yredelemnul's Pride {rN+ Dex+4}
rPois   ∞          Reflect  .   k - +0 helmet
rElec   +          Harm     .   (no cloak)
rCorr   .          Rampage  .   q - +2 pair of gloves
Will    .....                   p - +0 pair of boots
Stlth   ..........              t - amulet of guardian spirit
HPRegen 0.21/turn               (no ring)
MPRegen 0.14/turn               (no ring)

@: no status effects
A: sickness immunity, AC +8, negative energy resistance 1, electricity
resistance, torment resistance 1, petrification resistance
a: Renounce Religion, Heroism


You were on level 8 of the Dungeon.
You worshipped Okawaru.
Okawaru was most pleased with you.
You visited 2 branches of the dungeon, and saw 10 of its levels.
You also visited: Ossuary.

You collected 430 gold pieces.

Inventory:

Hand Weapons
 a - a +1 war axe (weapon)
 n - a +5 flail of protection
Armour
 c - a +0 buckler (worn)
 k - a +0 helmet (worn)
 o - the +5 scale mail of Yredelemnul's Pride (worn) {rN+ Dex+4}
   (You took it off an orc on level 8 of the Dungeon)

   Dex:       It affects your dexterity (+4).
   rN:        It protects you from negative energy.
 p - a +0 pair of boots (worn)
 q - a +2 pair of gloves (worn)
 x - a +1 chain mail of fire resistance
 y - a +0 plate armour
Jewellery
 e - an amulet of reflection
 f - a ring of wizardry
 j - a ring of positive energy
 t - an amulet of guardian spirit (around neck)
Wands
 h - a wand of flame (21)
 r - a wand of iceblast (19)
Scrolls
 i - a scroll of enchant weapon
 u - a scroll of teleportation
 B - 2 scrolls of enchant armour
Potions
 b - 4 potions of brilliance
 d - 4 potions of might
 g - 3 potions of heal wounds
 l - 7 potions of curing
 m - a potion of cancellation
 v - a potion of invisibility {unknown}
 A - a potion of berserk rage {unknown}


   Skills:
 + Level 7.4 Fighting
 + Level 1.1(1.4) Short Blades
 + Level 1.1(1.4) Long Blades
 + Level 9.8 Axes
 + Level 1.2 Staves
 + Level 1.3(1.6) Slings
 + Level 1.2 Bows
 + Level 1.2 Crossbows
 + Level 1.1(1.5) Throwing
 + Level 7.0 Armour
 + Level 8.1 Shields
 + Level 1.2 Unarmed Combat
 + Level 1.1 Spellcasting
 + Level 1.4 Conjurations
 + Level 1.1 Hexes
 + Level 1.1 Summonings
 + Level 1.0 Necromancy
 + Level 2.5 Translocations
 + Level 1.0 Transmutations
 + Level 2.1 Fire Magic
 + Level 1.2 Ice Magic
 + Level 1.0 Air Magic
 + Level 1.6 Earth Magic
 + Level 1.2 Poison Magic
 * Level 4.9 Invocations
 * Level 3.2 Evocations


You had 12 spell levels left.
You didn't know any spells.
Your spell library contained the following spells:

 Spells                   Type           Power      Damage    Failure   Level
 Freeze                   Ice            8%         1d3       47%         1
 Sting                    Tmut/Pois      8%         1d3       50%         1
 Poisonous Vapours        Pois/Air       4%         N/A       63%         2
 Corpse Rot               Necr/Air       4%         N/A       65%         2
 Frozen Ramparts          Ice            4%         1d2       85%         3
 Hailstorm                Conj/Ice       2%         3d3       99%         4
 Olgreb's Toxic Radiance  Pois           2%         N/A       99%         4
 Summon Small Mammal      Summ           Unusable   N/A       N/A         1
 Call Canine Familiar     Summ           Unusable   N/A       N/A         3
 Summon Guardian Golem    Hex/Summ       Unusable   N/A       N/A         3

Dungeon Overview and Level Annotations

Branches:
Dungeon (9/15)             Temple (1/1) D:4             Orc (0/2) D:9
Ossuary (visited)
   Lair: D:8-11

Altars:
Ashenzari
Cheibriados
Dithmenos
Elyvilon
Fedhas
Gozag
Hepliaklqana
Kikubaaqudgha
Makhleb
Nemelex Xobeh
Okawaru
Qazlal
Ru
Sif Muna
Trog
Uskayaw
Vehumet
Wu Jian
Xom
Yredelemnul
Zin
The Shining One

Shops:
D:2 (   D:5 [


Innate Abilities, Weirdness & Mutations

You are immune to sickness and miasma.
Your stone body is resilient. (AC +8)
You are immune to poison.
You resist negative energy. (rN+)
You are resistant to electric shocks. (rElec)
You are resistant to unholy torment.
You are immune to petrification.


Message History

Deactivating autopickup; reactivate with Ctrl-A.
You completely miss something.
You hack one of the five-headed hydra's heads off!
The four-headed hydra grows two more!
You hit the six-headed hydra. You hit the orc. You hit the plant.
The plant begins to die.
You block the six-headed hydra's attack.
The six-headed hydra bites you. The six-headed hydra barely misses you.
The six-headed hydra bites you!
* * * LOW HITPOINT WARNING * * *
The six-headed hydra bites you.
* * * LOW HITPOINT WARNING * * *
The six-headed hydra bites you but does no damage.
Something hits you.
* * * LOW HITPOINT WARNING * * *
Something bites you but does no damage. The orc hits you but does no damage.
You hit something. You hit the plant. You barely miss the orc.
You chop one of the six-headed hydra's heads off!
The five-headed hydra grows two more!
You hit the seven-headed hydra.
You block the seven-headed hydra's attack.
The seven-headed hydra barely misses you. x2
You block the seven-headed hydra's attack.
The seven-headed hydra bites you but does no damage. x2
The seven-headed hydra barely misses you.
Something hits you but does no damage. Something bites you.
* * * LOW HITPOINT WARNING * * *
You block the orc's attack.
You barely miss something. You hit the plant. You slash the orc!
You kill the orc!
Okawaru accepts your kill.
You slice one of the seven-headed hydra's heads off!
The six-headed hydra grows two more!
You slash the eight-headed hydra!
You block the eight-headed hydra's attack.
The eight-headed hydra bites you but does no damage. x2
The eight-headed hydra bites you.
* * * LOW HITPOINT WARNING * * *
The eight-headed hydra bites you but does no damage.
The eight-headed hydra barely misses you. x2
The eight-headed hydra bites you but does no damage.
Something hits you but does no damage. Something bites you.
You die...

##(......^...# #...P♣PPPP≈≈♣.P#
#....#......######PP♣≈PPPPP♣≈PP#
##.#.#...........#PP≈≈P..≈P≈≈P≈#
#.......#######.PP≈≈P≈##.≈≈≈≈P#
###.##..## #....PP♣≈P....#≈≈PP#
#......###.#.PPP≈P≈.####≈≈♣P#
#####...#......≈P≈P≈.# #P≈≈≈.
####<).....#.#.#..≈≈.≈..# #P≈≈≈.
....)).........D@P≈PP#### ##≈.≈.
######...#.#....)##### ##...
#...#.#.#.#.#### ########.##
#...#.#.#......###........#
#...#.#.#.#.##.##....######♣
#...#.#.#.#..........≈≈≈≈≈≈P
######...#.#.#.......#....≈≈≈≈≈≈≈
.........#.#.#...##..###..≈≈≈≈≈≈≈
#####............[....##..≈≈≈≈≈≈≈


You could see an eight-headed hydra.

Vanquished Creatures
  The ghost of jejorda2 the Cudgeller, a novice DsFi of Okawaru (D:6)
  Prince Ribbit (D:8)
  4 yaks (D:8)
  A steam dragon (D:6)
  Edmund (D:4)
  A water moccasin (D:7)
  2 orc warriors
  3 sky beasts
  2 black bears (D:6)
  2 necrophages
  A centaur (D:7)
  3 ogres
  An elf zombie (Ossuary)
  2 kobold brigands
  2 bullfrogs (D:7)
  2 scorpions
  9 killer bees
  4 wights (D:8)
  3 electric eels (D:8)
  3 howler monkeys
  2 jellies
  6 centaur zombies
  3 hounds
  A bullfrog zombie (D:6)
  3 orc priests
  A centaur skeleton (D:5)
  A human zombie (Ossuary)
  An iguana (D:4)
  Natasha (thrice) (D:4)
  2 orc wizards
  2 ogre zombies (Ossuary)
  3 hound zombies (D:4)
  3 hound skeletons
  8 mummies
  7 adders
  4 gnolls
  3 white imps
  An ufetubus (D:6)
  10 adder zombies
  5 worms
  2 dart slugs
  25 orcs
  8 ball pythons
  4 bats
  15 endoplasms
  4 giant cockroaches
  2 goblins
  11 hobgoblins
  9 jackals
  4 quokkas
  10 frilled lizards
  3 goblin zombies
  3 hobgoblin zombies (Ossuary)
  21 kobolds
  3 kobold zombies
  5 quokka zombies
  8 rats
  5 rat zombies (Ossuary)
259 creatures vanquished.

Vanquished Creatures (others)
  2 kobolds (D:6)
  2 fungi (D:1)
  23 plants
27 creatures vanquished.

Grand Total: 286 creatures vanquished

Notes
Turn   | Place    | Note
-------+----------+-------------------------------------------
     0 | D:1      | bande the Gargoyle Fighter began the quest for the Orb.
     0 | D:1      | Reached XP level 1. HP: 14/14 MP: 1/1
    20 | D:1      | Reached skill level 2 in Axes
    30 | D:1      | Reached XP level 2. HP: 13/19 MP: 2/2
   373 | D:1      | Found a faded altar of an unknown god.
   562 | D:1      | Reached XP level 3. HP: 22/24 MP: 3/3
  1013 | D:2      | Reached XP level 4. HP: 25/29 MP: 4/4
  1014 | D:2      | Reached skill level 3 in Axes
  1749 | D:2      | Found Qilorut's Antique Weapon Emporium.
  1796 | D:2      | Reached XP level 5. HP: 31/33 MP: 5/5
  2047 | D:2      | Found a sparkling altar of Nemelex Xobeh.
  2750 | D:3      | Found a shadowy altar of Dithmenos.
  2991 | D:4      | Noticed Edmund
  2999 | D:4      | Killed Edmund
  3000 | D:4      | Reached skill level 4 in Axes
  3000 | D:4      | Reached XP level 6. HP: 29/38 MP: 6/6
  3087 | D:4      | HP: 1/39 [ogre (21)]
  3378 | D:4      | Found a large runed translucent door.
  3389 | D:4      | Found a staircase to the Ecumenical Temple.
  3410 | D:4      | Found a large runed translucent door.
  3412 | D:4      | Found a shimmering altar of Xom.
  3518 | D:4      | Found a sand-covered staircase.
  3530 | D:4      | Reached XP level 7. HP: 21/44 MP: 7/7
  3533 | Ossuary  | Entered an ossuary
  3714 | Ossuary  | Reached skill level 5 in Axes
  4044 | Ossuary  | Reached skill level 5 in Fighting
  4599 | D:4      | Reached skill level 6 in Axes
  4721 | D:4      | Reached XP level 8. HP: 49/49 MP: 8/8
  4788 | D:4      | Reached skill level 5 in Shields
  4916 | D:4      | Noticed Natasha
  4925 | D:4      | Killed Natasha
  5019 | D:4      | Noticed Natasha
  5024 | D:4      | Killed Natasha
  5118 | D:4      | Noticed Natasha
  5121 | D:4      | Killed Natasha
  5409 | Temple   | Entered the Ecumenical Temple
  5678 | D:5      | Entered Level 5 of the Dungeon
  5726 | D:5      | Found a shimmering blue altar of Sif Muna.
  5734 | D:5      | Found a radiant altar of Vehumet.
  5938 | D:5      | Found Tammeopp's Armour Shoppe.
  6208 | D:5      | Reached skill level 7 in Axes
  6208 | D:5      | Reached skill level 5 in Armour
  6674 | D:5      | Found a hazy altar of Hepliaklqana.
  6917 | D:6      | Reached XP level 9. HP: 51/55 MP: 9/9
  7098 | D:6      | Reached skill level 8 in Axes
  7296 | D:6      | Found an ancient bone altar of Kikubaaqudgha.
  7297 | D:6      | Found a broken altar of Ashenzari.
  7310 | D:6      | Found an ornate altar of the Wu Jian Council.
  7310 | D:6      | Found a basalt altar of Yredelemnul.
  7312 | D:6      | Found an iron altar of Okawaru.
  7314 | D:6      | Found a blossoming altar of Fedhas.
  7318 | D:6      | Found a runed translucent door.
  7321 | D:6      | Became a worshipper of Warmaster Okawaru
  7392 | D:6      | Reached skill level 1 in Invocations
  7606 | D:6      | Noticed jejorda2's ghost (novice DsFi)
  7931 | D:6      | Killed jejorda2's ghost
  7931 | D:6      | Reached * piety under Okawaru
  8137 | D:7      | Reached ** piety under Okawaru
  8138 | D:7      | Reached skill level 9 in Axes
  8138 | D:7      | Reached XP level 10. HP: 40/61 MP: 10/12
  8498 | D:7      | Reached skill level 1 in Evocations
  8987 | D:8      | Noticed Prince Ribbit
  9000 | D:8      | Killed Prince Ribbit
  9247 | D:8      | Identified the +5 scale mail of Yredelemnul's Pride {rN+
                  | Dex+4}
  9507 | D:8      | Found a burning altar of Makhleb.
  9507 | D:8      | Noticed a blizzard demon
  9589 | D:8      | Reached *** piety under Okawaru
  9882 | D:8      | Reached skill level 1 in Short Blades
  9882 | D:8      | Reached skill level 1 in Long Blades
  9882 | D:8      | Reached skill level 1 in Staves
  9882 | D:8      | Reached skill level 1 in Slings
  9882 | D:8      | Reached skill level 1 in Bows
  9882 | D:8      | Reached skill level 1 in Crossbows
  9882 | D:8      | Reached skill level 1 in Throwing
  9882 | D:8      | Reached skill level 1 in Unarmed Combat
  9882 | D:8      | Reached skill level 1 in Spellcasting
  9882 | D:8      | Reached skill level 1 in Conjurations
  9882 | D:8      | Reached skill level 1 in Hexes
  9882 | D:8      | Reached skill level 1 in Summonings
  9882 | D:8      | Reached skill level 1 in Necromancy
  9882 | D:8      | Reached skill level 1 in Transmutations
  9882 | D:8      | Reached skill level 1 in Ice Magic
  9882 | D:8      | Reached skill level 1 in Air Magic
  9882 | D:8      | Reached skill level 1 in Earth Magic
  9882 | D:8      | Reached skill level 1 in Poison Magic
  9882 | D:8      | Reached XP level 11. HP: 67/67 MP: 12/14
 10379 | D:9      | Noticed a four-headed hydra
 10380 | D:9      | Found a staircase to the Orcish Mines.
 10405 | D:8      | Slain by a vampire

Illustrated notes

Levels and vault maps discovered:
D:1:      tarquinn_simple_flora_water_e, layout_loops_ring,
          shapermc_ecumenical_altar_mp_urbaneastern, kennysheep_minor_cross
D:2:      cheibrodos_helix_gallery, layout_loops_ring, basic_altar,
          serial_shops, shop
D:3:      layout_loops_cross, overflow_temple_1_default, corner_web_ring
D:4:      due_chaos_kobolds, layout_loops_ring,
          minmay_temple_entry_enclosed_plants, nicolae_ossuary_entry_giza,
          serial_undead, serial_undead_c, serial_undead_d, serial_undead_a,
          serial_undead_d, portal_sewer_entry_b, uniq_natasha, uniq_edmund
D:5:      layout_basic, nicolae_hepliaklqana_hippocampus, jmf_multi_god_temple,
          serial_shops, nicolae_shop_statue_plus
D:6:      layout_gridville, grunt_temple_overflow_open,
          hellmonk_ghost_happy_afterlife, dk_noncrumbling_4
D:7:      layout_basic
D:8:      layout_basic, makhleb_altar_promises_db, serial_bayou,
          serial_bayou_shore_a, serial_bayou_shore_b, serial_bayou_shore_b,
          serial_bayou_lagoon_a, uniq_prince_ribbit1
D:9:      layout_irregular_city, orc_0_dummy, serial_shops,
          nicolae_shop_competitors_out_of_business, kennysheep_nondescript
Temple:   jpeg_temple_clearing

Skill      XL: |  1  2  3  4  5  6  7  8  9 10 11 |
---------------+----------------------------------+-----
Axes           | 2 3 4 6 7 9 |  9.8
Fighting       | 4 5 6 7 |  7.4
Armour         | 4 5 6 7 |  7.0
Shields        | 4 6 7 8 |  8.1
Invocations    | 2 4 |  4.9
Evocations     | 3 |  3.2
Short Blades   | 1 |  1.1
Long Blades    | 1 |  1.1
Staves         | 1 |  1.2
Slings         | 1 |  1.3
Bows           | 1 |  1.2
Crossbows      | 1 |  1.2
Throwing       | 1 |  1.1
Unarmed Combat | 1 |  1.2
Spellcasting   | 1 |  1.1
Conjurations   | 1 |  1.4
Hexes          | 1 |  1.1
Summonings     | 1 |  1.1
Necromancy     | 1 |  1.0
Translocations | 2 |  2.5
Transmutations | 1 |  1.0
Fire Magic     | 2 |  2.1
Ice Magic      | 1 |  1.2
Air Magic      | 1 |  1.0
Earth Magic    | 1 |  1.6
Poison Magic   | 1 |  1.2

Action                   |  1- 3 |  4- 6 |  7- 9 | 10-12 || total
-------------------------+-------+-------+-------+-------++-------
Melee: War axe           |   108 |   208 |   524 |   158 ||   998
  Use: Scroll            |       |     6 |    11 |     3 ||    20
       Potion            |       |     1 |     1 |     1 ||     3
Armor: Scale mail        |    76 |    85 |       |    55 ||   216
       Chain mail        |       |    25 |   292 |    57 ||   374
Dodge: Dodged            |    55 |    80 |   165 |    70 ||   370
Block: Buckler           |    25 |    71 |   259 |    64 ||   419
       Reflection        |       |       |     3 |     1 ||     4

Table legend: (Time is in decaauts)
 A = Elapsed time spent in this place.
 B = Non-inter-level travel time spent in this place.
 C = Inter-level travel time spent in this place.
 D = Time resting spent in this place.
 E = Time spent auto-exploring this place.
 F = Levels seen in this place.
 G = Mean time per level.
                   A        B        C        D        E       F      G
               +--------+--------+--------+--------+--------+-----+--------+
         Total |  10641 |  10482 |    159 |   1359 |   6631 |  11 |  967.4 |
       Dungeon |   9425 |   9266 |    159 |   1359 |   5688 |   9 | 1047.2 |
        Temple |    149 |    149 |      0 |      0 |    120 |   1 |  149.0 |
       Ossuary |   1067 |   1067 |      0 |      0 |    823 |   1 | 1067.0 |
               +--------+--------+--------+--------+--------+-----+--------+

Top non-repeatable levels by time:
     D:4: 1546 daAuts
     D:8: 1319 daAuts
     D:2: 1307 daAuts
     D:6: 1245 daAuts
     D:5: 1165 daAuts
 Ossuary: 1067 daAuts
     D:1: 1048 daAuts
     D:7: 1002 daAuts
     D:3: 736 daAuts
  Temple: 149 daAuts
     D:9: 54 daAuts
